 Dungeon Crawl Stone Soup version 0.25-a0-404-gc1b5a34 (webtiles) character file.

Game seed: 12609043367765726459, levelgen mode: deterministic

43 PatchBurns the Magician (level 3, -10/24 HPs)
             Began as a Human Wizard on Jan 12, 2020.
             Mangled by a gnoll
             ... wielding a +0 whip
              (12 damage)
             ... on level 3 of the Dungeon.
             The game lasted 00:37:04 (1978 turns).

PatchBurns the Magician (Human Wizard)              Turns: 1978, Time: 00:37:05

Health: -10/24     AC:  2    Str:  7    XL:     3   Next: 82%
Magic:  1/8        EV: 12    Int: 19    God:
Gold:   144        SH:  0    Dex: 11    Spells: 1/9 levels left

rFire    . . .     SeeInvis .   q - +2 short sword (vamp)
rCold    . . .     Gourm    .   (no shield)
rNeg     . . .     Faith    .   c - +0 robe
rPois    .         Spirit   .   b - +0 hat
rElec    .         Reflect  .   (no cloak)
rCorr    .         Harm     .   (no gloves)
MR       .....                  (no boots)
Stlth    ++........             (no amulet)
HPRegen  0.08/turn              (no ring)
MPRegen  0.11/turn              (no ring)

@: no status effects
A: no striking features
a: no special abilities


You were on level 3 of the Dungeon.
You were not hungry.

You visited 1 branch of the dungeon, and saw 3 of its levels.

You collected 144 gold pieces.

Inventory:

Hand Weapons
 h - a +0 whip
 k - a +0 hunting sling
 q - a +2 vampiric short sword (weapon)
 s - a +0 dagger
 u - a +0 short sword
 w - a +2 dagger of venom
 C - a +0 dagger
 E - a +0 mace
Missiles
 g - 6 atropa-tipped darts
 p - 50 stones (quivered)
 r - 15 bolts
Armour
 a - a +0 robe
 b - a +0 hat (worn)
 c - a +0 robe (worn)
 d - a +0 chain mail
 e - a +0 robe
 o - a +0 ring mail
 y - a +0 robe
 F - a +0 leather armour
Jewellery
 f - an uncursed amulet of harm {unknown}
Scrolls
 i - a scroll of immolation
 t - a scroll of remove curse
 x - a scroll of identify {unknown}
 A - a scroll of noise {unknown}
 B - a scroll of teleportation {unknown}
 D - a scroll of random uselessness {unknown}
Potions
 j - a potion of magic {unknown}
 l - a potion of invisibility {unknown}
 m - a potion of might {unknown}
 n - 2 potions of heal wounds {unknown}
Comestibles
 v - 5 chunks of flesh
 z - a ration


   Skills:
 + Level 2.3 Dodging
 + Level 2.4 Stealth
 * Level 3.6 Spellcasting
 * Level 1.6 Conjurations
 - Level 1.0 Summonings
 - Level 1.0 Translocations


You had one spell level left.
You knew the following spells:

 Your Spells              Type           Power        Failure   Level  Hunger
a - Magic Dart            Conj           #...         7%          1    None
b - Blink                 Tloc           N/A          14%         2    ##.....
c - Call Imp              Summ           #.......     14%         2    ##.....
d - Conjure Flame         Conj/Fire      #.......     30%         3    ###....

Your spell library contained the following spells:

 Spells                   Type           Power        Failure   Level  Hunger
 Slow                     Hex            #.......     22%         2    ##.....
 Mephitic Cloud           Conj/Pois/Air  #.......     34%         3    ###....


Dungeon Overview and Level Annotations

Branches:
Dungeon (2/15)

Altars:
Cheibriados


Message History

The orc hits you but does no damage. The gnoll barely misses you.
You hit the gnoll but do no damage.
The gnoll is moderately wounded.
The orc hits you but does no damage. The gnoll barely misses you.
Casting: Conjure Flame (safe; 30% risk of failure)
Confirm with . or Enter, or press ? or * to list all spells.
A beastly little devil appears in a puff of flame.
The orc closely misses you. The gnoll hits you with a +0 whip!
* * * LOW HITPOINT WARNING * * *
You closely miss the orc. The orc hits you.
* * * LOW HITPOINT WARNING * * *
The gnoll misses you.
Your crimson imp closely misses the gnoll.
The orc hits you.
* * * LOW HITPOINT WARNING * * *
You hit the orc.
You feel better.
The orc is heavily wounded.
The gnoll hits you with a +0 whip!
Ouch! That really hurt!
You die...

.### ### ## ....
'.###. ...# #..
.####..###
#.####.........
#.....(#...#
####'####.#####..#
.....5g@o.# #.##
########### #.# #.#
#.# #######.#
#####.
#.......###.....
####.#.........####
#.......########
#.....#.#


You could see a gnoll, an orc and a friendly crimson imp.

Vanquished Creatures
  2 adders
  2 orcs (D:3)
  A bat (D:2)
  2 giant cockroaches
  5 hobgoblins
  A quokka (D:2)
  A frilled lizard (D:2)
  4 goblins
  A kobold (D:1)
  A rat (D:2)
20 creatures vanquished.

Vanquished Creatures (collateral kills)
  A kobold (D:2)
  A quokka (D:2)
2 creatures vanquished.

Grand Total: 22 creatures vanquished

Notes
Turn   | Place    | Note
-------+----------+-------------------------------------------
     0 | D:1      | PatchBurns the Human Wizard began the quest for the Orb.
     0 | D:1      | Reached XP level 1. HP: 13/13 MP: 4/4
   507 | D:1      | Reached XP level 2. HP: 19/19 MP: 3/6
  1120 | D:2      | Learned a level 2 spell: Blink
  1123 | D:2      | Learned a level 2 spell: Call Imp
  1304 | D:2      | Found a snail-covered altar of Cheibriados.
  1636 | D:2      | Reached XP level 3. HP: 16/24 MP: 6/8
  1833 | D:2      | You fall into a shaft and drop 1 floor!
  1894 | D:3      | Learned a level 3 spell: Conjure Flame
  1977 | D:3      | HP: 1/24 [orc (4)]
  1978 | D:3      | Mangled by a gnoll

Levels and vault maps discovered:
D:1:      minmay_arrival_stair_chambers, layout_rooms
D:2:      layout_loops_corners, lemuel_statue_altar, uniq_crazy_yiuf_cottage
D:3:      layout_rooms, hangedman_abyss_or_decor_stabs, minmay_fountain_box,
          uniq_terence, uniq_jessica

Action                   || total
-------------------------++-------
Melee: Whip              ||    10
       Unarmed           ||     4
       Short sword       ||    38
 Fire: Hunting sling     ||     2
 Cast: Magic Dart        ||    36
       Blink             ||     3
       Call Imp          ||     2
       Conjure Flame     ||     2
  Use: Scroll            ||     2
  Eat: Ration            ||     1
Armor: Robe              ||    14
Dodge: Dodged            ||    45

Table legend:
 A = Non-vault XP
 B = Vault XP
 C = Vault XP percentage of total XP
 D = Non-vault monster count
 E = Vault monster count
 F = Vault count percentage of total count
                 A         B        C        D         E       F
            +---------+---------+-------+---------+---------+-------
      Total |      62 |       0 |   0.0 |      22 |       0 |   0.0
            +---------+---------+-------+---------+---------+-------
        D:1 |      12 |       0 |   0.0 |       7 |       0 |   0.0
        D:2 |      27 |       0 |   0.0 |      10 |       0 |   0.0
        D:3 |      23 |       0 |   0.0 |       5 |       0 |   0.0
            +---------+---------+-------+---------+---------+-------
